HSSL
GRAND RAPIDS HS SUMMIT @ OCEANSIDE HS PIRATES
05/12/2028
 
TOP OF THE 1ST
Grand Rapids HS Summit batting - Pitching for Oceanside HS Pirates : RHP Bob Robinson
Pitching: RHP Bob Robinson
Batting: RHB Ted Morgan 0-0: Fly out, F9 (Flyball, 89M)
Batting: RHB Julián Maez 0-0: SINGLE (Line Drive, 89S)
Batting: RHB Leroy Bates 0-0: Called Strike
0-1: Swinging Strike
0-2: SINGLE (Groundball, 56D)
Julián Maez to second
Batting: LHB Jeffery Casey 0-0: Called Strike
0-1: Foul Ball, location: 2F
0-2: Ball
1-2: Ball
2-2: Ball
3-2: Foul Ball, location: 2F
3-2: Base on Balls
Julián Maez to third
Leroy Bates to second
Batting: RHB Rob Walker 0-0: Called Strike
0-1: Ball
1-1: Foul Ball, location: 2F
1-2: Strikes out swinging
Batting: LHB Carlos Gutiérrez 0-0: Called Strike
0-1: Ball
1-1: Ball
2-1: Ground out 4-3 (Groundball, 34)
Top of the 1st over - 0 run(s), 2 hit(s), 0 error(s), 3 left on base; Grand Rapids HS 0 - Oceanside HS 0
BOTTOM OF THE 1ST
Oceanside HS Pirates batting - Pitching for Grand Rapids HS Summit : RHP Robinson Mesa
Pitching: RHP Robinson Mesa
Batting: RHB Pancho Rodríguez 0-0: Called Strike
0-1: Called Strike
0-2: Ball
1-2: Foul Ball, location: 2F
1-2: SINGLE (Line Drive, 56D)
Batting: RHB Charles Collins 0-0: Ball
Pancho Rodríguez is caught stealing 2nd base
1-0: Called Strike
1-1: SINGLE (Groundball, 34D)
Batting: LHB Ron Young 0-0: Called Strike
0-1: Called Strike
Charles Collins is caught stealing 2nd base
0-2: Strikes out swinging
Bottom of the 1st over - 0 run(s), 2 hit(s), 0 error(s), 0 left on base; Grand Rapids HS 0 - Oceanside HS 0
TOP OF THE 2ND
Grand Rapids HS Summit batting - Pitching for Oceanside HS Pirates : RHP Bob Robinson
Batting: RHB Bob Barnes 0-0: DOUBLE (Line Drive, 9LM)
Batting: RHB Jonathan Holden 0-0: Called Strike
0-1: Foul Ball, location: 2F
0-2: Ground out 6-3 (Groundball, 6S)
Bob Barnes to third
Batting: LHB Harry Adams 0-0: Ball
1-0: Ball
2-0: Ball
3-0: Base on Balls
Batting: RHB Ted Morgan 0-0: Foul Ball, location: 2F
0-1: SINGLE (Groundball, 34D)
Bob Barnes scores
Harry Adams to second
Runner from 2nd tries for 3rd, SAFE, throw made to third
Batting: RHB Julián Maez 0-0: Called Strike
0-1: Foul Ball, location: 2F
0-2: Ball
1-2: Foul Ball, location: 2F
1-2: Ball
2-2: SINGLE (Groundball, 56D)
Harry Adams scores
Ted Morgan to second
Batting: RHB Leroy Bates 0-0: Called Strike
0-1: SINGLE (Line Drive, 5)
Ted Morgan to third
Julián Maez to second
Runner from 3rd tries for Home, SAFE, throw made home
Batting: LHB Jeffery Casey 0-0: Swinging Strike
0-1: Called Strike
0-2: Strikes out swinging
Batting: RHB Rob Walker 0-0: Foul Ball, location: 2F
0-1: Ball
1-1: Ball
2-1: Ball
3-1: SINGLE (Groundball, 6) (infield hit)
Julián Maez to third
Leroy Bates to second
Batting: LHB Carlos Gutiérrez 0-0: Ground out 6-3 (Groundball, 6S)
Top of the 2nd over - 3 run(s), 5 hit(s), 0 error(s), 3 left on base; Grand Rapids HS 3 - Oceanside HS 0
BOTTOM OF THE 2ND
Oceanside HS Pirates batting - Pitching for Grand Rapids HS Summit : RHP Robinson Mesa
Batting: RHB Heath Jones 0-0: Called Strike
0-1: Ball
1-1: Fly out, F9 (Flyball, 9LMF)
Batting: LHB Dylan Savill 0-0: Called Strike
0-1: Ball
1-1: Ball
2-1: Ball
3-1: Called Strike
3-2: SINGLE (Groundball, 6D)
Batting: LHB Otis Campbell 0-0: Foul Ball, location: 2F
0-1: Foul Ball, location: 2F
0-2: SINGLE (Flyball, 7S)
Dylan Savill to second
Batting: RHB Sergio Arboledo 0-0: Ball
1-0: Swinging Strike
1-1: Swinging Strike
1-2: Grounds into double play, 4-6-3 (Groundball, 4)
Bottom of the 2nd over - 0 run(s), 2 hit(s), 0 error(s), 1 left on base; Grand Rapids HS 3 - Oceanside HS 0
TOP OF THE 3RD
Grand Rapids HS Summit batting - Pitching for Oceanside HS Pirates : RHP Bob Robinson
Batting: RHB Bob Barnes 0-0: Called Strike
0-1: Foul Ball, location: 2F
0-2: Ball
1-2: SINGLE (Line Drive, 56)
Batting: RHB Jonathan Holden 0-0: Grounds into double play, 4-6-3 (Groundball, 4)
Batting: LHB Harry Adams 0-0: Foul Ball, location: 2F
0-1: Fly out, F8 (Flyball, 8RM)
Top of the 3rd over - 0 run(s), 1 hit(s), 0 error(s), 0 left on base; Grand Rapids HS 3 - Oceanside HS 0
BOTTOM OF THE 3RD
Oceanside HS Pirates batting - Pitching for Grand Rapids HS Summit : RHP Robinson Mesa
Batting: RHB Howard Brown 0-0: Fly out, F9 (Flyball, 9LM)
Batting: RHB Ben Williams 0-0: Called Strike
0-1: Called Strike
0-2: Ball
1-2: Ball
2-2: Foul Ball, location: 2F
2-2: Ball
3-2: Fly out, F9 (Flyball, 89M)
Batting: RHB Pancho Rodríguez 0-0: Ball
1-0: Called Strike
1-1: Foul Ball, location: 2F
1-2: Fly out, F9 (Line Drive, 9)
Bottom of the 3rd over - 0 run(s), 0 hit(s), 0 error(s), 0 left on base; Grand Rapids HS 3 - Oceanside HS 0
TOP OF THE 4TH
Grand Rapids HS Summit batting - Pitching for Oceanside HS Pirates : RHP Bob Robinson
Batting: RHB Ted Morgan 0-0: Ball
1-0: Ball
2-0: Ball
3-0: Base on Balls
Batting: RHB Julián Maez 0-0: Foul Ball, location: 2F
0-1: Ball
1-1: Ball
2-1: Foul Ball, location: 2F
2-2: Foul Ball, location: 2F
2-2: Foul Ball, location: 2F
2-2: Foul Ball, location: 2F
2-2: Ball
3-2: Foul Ball, location: 2F
3-2: Grounds into double play, 6-4-3 (Groundball, 6)
Batting: RHB Leroy Bates 0-0: Ball
1-0: Ball
2-0: Swinging Strike
2-1: Fly out, F7 (Flyball, 78S)
Top of the 4th over - 0 run(s), 0 hit(s), 0 error(s), 0 left on base; Grand Rapids HS 3 - Oceanside HS 0
BOTTOM OF THE 4TH
Oceanside HS Pirates batting - Pitching for Grand Rapids HS Summit : RHP Robinson Mesa
Batting: RHB Charles Collins 0-0: Ball
1-0: Called Strike
1-1: Ball
2-1: Swinging Strike
2-2: Ball
3-2: Ground out 4-3 (Groundball, 4S)
Batting: LHB Ron Young 0-0: SOLO HOME RUN (Flyball, 89XD), Distance : 429 ft
Batting: RHB Heath Jones 0-0: Called Strike
0-1: Foul Ball, location: 2F
0-2: Ball
1-2: Strikes out swinging
Batting: LHB Dylan Savill 0-0: SINGLE (Groundball, 4MD)
Batting: LHB Otis Campbell 0-0: Foul Ball, location: 2F
0-1: Ball
1-1: Foul Ball, location: 2F
1-2: Strikes out swinging
Bottom of the 4th over - 1 run(s), 2 hit(s), 0 error(s), 1 left on base; Grand Rapids HS 3 - Oceanside HS 1
TOP OF THE 5TH
Grand Rapids HS Summit batting - Pitching for Oceanside HS Pirates : RHP Bob Robinson
Batting: LHB Jeffery Casey 0-0: Ball
1-0: Foul Ball, location: 2F
1-1: Swinging Strike
1-2: Foul Ball, location: 2F
1-2: Ground out 4-3 (Groundball, 34)
Batting: RHB Rob Walker 0-0: Ball
1-0: Foul Ball, location: 2F
1-1: Foul Ball, location: 2F
1-2: Foul Ball, location: 2F
1-2: Strikes out swinging
Batting: LHB Carlos Gutiérrez 0-0: Called Strike
0-1: Foul Ball, location: 2F
0-2: Ball
1-2: Ball
2-2: DOUBLE (Flyball, 78M)
Pitching: RHP Harley Sandberg
Batting: RHB Bob Barnes 0-0: Called Strike
0-1: Ball
1-1: Fly out, F8 (Flyball, 8LD)
Top of the 5th over - 0 run(s), 1 hit(s), 0 error(s), 1 left on base; Grand Rapids HS 3 - Oceanside HS 1
BOTTOM OF THE 5TH
Oceanside HS Pirates batting - Pitching for Grand Rapids HS Summit : RHP Robinson Mesa
Batting: RHB Sergio Arboledo 0-0: Called Strike
0-1: Swinging Strike
0-2: Ball
1-2: Ball
2-2: SINGLE (Line Drive, 8LS)
Batting: RHB Howard Brown 0-0: Called Strike
0-1: Ball
1-1: Ball
Wild Pitch!
Sergio Arboledo to second
2-1: Ball
3-1: Swinging Strike
3-2: SINGLE (Flyball, 7LM)
Sergio Arboledo to third
Throwing error, E7
Sergio Arboledo scores
Howard Brown to second
Batting: RHB Ben Williams 0-0: Fly out, F8 (Line Drive, 8RM)
Runner from 2nd tags up, SAFE at 3rd with throw
Batting: RHB Pancho Rodríguez 0-0: Called Strike
0-1: Fly out, F6 (Popup, 6D)
Batting: RHB Charles Collins 0-0: Ball
1-0: Swinging Strike
1-1: Ball
2-1: Ball
3-1: Reached on error, E5 (Groundball, 56S)
Howard Brown scores
Batting: LHB Ron Young 0-0: SINGLE (Flyball, 7LS)
Charles Collins to second
Batting: RHB Heath Jones 0-0: Called Strike
0-1: Foul Ball, location: 2F
0-2: Ball
1-2: Foul Ball, location: 2F
1-2: Fly out, F8 (Line Drive, 78M)
Bottom of the 5th over - 2 run(s), 3 hit(s), 2 error(s), 2 left on base; Grand Rapids HS 3 - Oceanside HS 3
TOP OF THE 6TH
Grand Rapids HS Summit batting - Pitching for Oceanside HS Pirates : RHP Harley Sandberg
Batting: RHB Jonathan Holden 0-0: Ball
1-0: Swinging Strike
1-1: Ball
2-1: Foul Ball, location: 2F
2-2: Ball
3-2: Foul Ball, location: 2F
3-2: Base on Balls
Batting: LHB Harry Adams 0-0: Ball
1-0: Swinging Strike
1-1: Called Strike
1-2: Ball
2-2: Ball
3-2: Base on Balls
Jonathan Holden to second
Batting: RHB Ted Morgan 0-0: Swinging Strike
0-1: Ball
1-1: Called Strike
1-2: Fly out, F8 (Flyball, 8LS)
Batting: RHB Julián Maez 0-0: Called Strike
0-1: Called Strike
0-2: Foul Ball, location: 2F
0-2: Foul Ball, location: 2F
0-2: Strikes out swinging
Batting: RHB Leroy Bates 0-0: Ball
1-0: Ball
2-0: Swinging Strike
2-1: Foul Ball, location: 2F
2-2: Ball
3-2: Strikes out swinging
Top of the 6th over - 0 run(s), 0 hit(s), 0 error(s), 2 left on base; Grand Rapids HS 3 - Oceanside HS 3
BOTTOM OF THE 6TH
Oceanside HS Pirates batting - Pitching for Grand Rapids HS Summit : RHP Robinson Mesa
Pitching: RHP Joe Metcalf
Batting: LHB Dylan Savill 0-0: Ground out 6-3 (Groundball, 6)
Batting: LHB Otis Campbell 0-0: Ball
1-0: Ball
2-0: Foul Ball, location: 2F
2-1: Foul Ball, location: 2F
2-2: Foul Ball, location: 2F
2-2: DOUBLE (Line Drive, 78D)
Batting: RHB Sergio Arboledo 0-0: Ball
1-0: Ball
2-0: Fly out, F7 (Flyball, 7)
Batting: RHB Howard Brown 0-0: Ball
1-0: Ground out 4-3 (Groundball, 4)
Bottom of the 6th over - 0 run(s), 1 hit(s), 0 error(s), 1 left on base; Grand Rapids HS 3 - Oceanside HS 3
TOP OF THE 7TH
Grand Rapids HS Summit batting - Pitching for Oceanside HS Pirates : RHP Harley Sandberg
Pitching: LHP Henry Bell
Batting: LHB Jeffery Casey 0-0: Called Strike
0-1: Called Strike
0-2: Foul Ball, location: 2F
0-2: Foul Ball, location: 2F
0-2: Ball
1-2: Foul Ball, location: 2F
1-2: Foul Ball, location: 2F
1-2: Fly out, F8 (Flyball, 89M)
Batting: RHB Rob Walker 0-0: Ball
1-0: Swinging Strike
1-1: Foul Ball, location: 2F
1-2: Strikes out looking
Pitching: RHP Tim Rogers
Batting: LHB Carlos Gutiérrez 0-0: Foul Ball, location: 2F
0-1: Ball
1-1: Foul Ball, location: 2F
1-2: Ball
2-2: Fly out, F7 (Flyball, 7LS)
Top of the 7th over - 0 run(s), 0 hit(s), 0 error(s), 0 left on base; Grand Rapids HS 3 - Oceanside HS 3
BOTTOM OF THE 7TH
Oceanside HS Pirates batting - Pitching for Grand Rapids HS Summit : RHP Joe Metcalf
Batting: RHB Ben Williams 0-0: Called Strike
0-1: Ball
1-1: Ground out 4-3 (Groundball, 4)
Batting: RHB Pancho Rodríguez 0-0: Ground out 5-3 (Groundball, 56)
Batting: RHB Charles Collins 0-0: Ball
1-0: Ball
2-0: Called Strike
2-1: Ball
3-1: Base on Balls
Batting: LHB Ron Young 0-0: Called Strike
0-1: Ball
1-1: Fly out, F8 (Flyball, 8RS)
Bottom of the 7th over - 0 run(s), 0 hit(s), 0 error(s), 1 left on base; Grand Rapids HS 3 - Oceanside HS 3
TOP OF THE 8TH
Grand Rapids HS Summit batting - Pitching for Oceanside HS Pirates : RHP Tim Rogers
Batting: RHB Bob Barnes 0-0: Foul Ball, location: 2F
0-1: Ball
1-1: Ball
2-1: Foul Ball, location: 2F
2-2: Strikes out looking
Batting: RHB Jonathan Holden 0-0: Foul Ball, location: 2F
0-1: Ground out 5-3 (Groundball, 56)
Batting: LHB Harry Adams 0-0: Called Strike
0-1: Ball
1-1: Ball
2-1: Called Strike
2-2: Reached on error, E6 (Groundball, 6)
Batting: RHB Ted Morgan 0-0: Ball
1-0: Ball
2-0: Called Strike
2-1: Called Strike
2-2: Ball
3-2: Base on Balls
Harry Adams to second
Batting: RHB Julián Maez 0-0: Fly out, F9 (Flyball, 9LSF)
Top of the 8th over - 0 run(s), 0 hit(s), 1 error(s), 2 left on base; Grand Rapids HS 3 - Oceanside HS 3
BOTTOM OF THE 8TH
Oceanside HS Pirates batting - Pitching for Grand Rapids HS Summit : RHP Joe Metcalf
Batting: RHB Heath Jones 0-0: Ball
1-0: Called Strike
1-1: Ball
2-1: Foul Ball, location: 2F
2-2: Ball
3-2: SINGLE (Groundball, 56D)
Batting: LHB Dylan Savill 0-0: Ball
1-0: Ball
2-0: DOUBLE (Groundball, 3L)
Heath Jones to third
Batting: LHB Otis Campbell 0-0: Intentional Walk
Batting: RHB Sergio Arboledo 0-0: Foul Ball, location: 2F
0-1: SINGLE (Groundball, 4MD)
Heath Jones scores
Dylan Savill to third
Otis Campbell to second
Batting: RHB Howard Brown 0-0: Fly out, F7 (Flyball, 7LM)
Runner from 3rd tags up, SCORES, throw made
Pitching: LHP Chase Callahan
Batting: RHB Ben Williams 0-0: Ball
1-0: Called Strike
1-1: Ball
2-1: Ball
3-1: Foul Ball, location: 2F
3-2: Base on Balls
Otis Campbell to third
Sergio Arboledo to second
Batting: RHB Pancho Rodríguez 0-0: Called Strike
0-1: Foul Ball, location: 2F
0-2: Ball
1-2: Ball
2-2: Strikes out swinging
Batting: RHB Charles Collins 0-0: Ball
1-0: Ball
2-0: Foul Ball, location: 2F
2-1: DOUBLE (Line Drive, 89M)
Otis Campbell scores
Sergio Arboledo scores
Ben Williams to third
Runner from 3rd tries for Home, SAFE, no throw
Batting: LHB Ron Young 0-0: Swinging Strike
0-1: Foul Ball, location: 2F
0-2: SINGLE (Line Drive, 8LS)
Charles Collins to third
Batting: RHB Heath Jones 0-0: Foul Ball, location: 2F
0-1: Ball
1-1: Called Strike
1-2: Foul Ball, location: 2F
1-2: 3-RUN HOME RUN (Flyball, 7LD), Distance : 353 ft
Pitching: RHP Philip Walker
Batting: LHB Dylan Savill 0-0: Ball
1-0: Foul Ball, location: 2F
1-1: Fly out, F7 (Flyball, 7)
Bottom of the 8th over - 8 run(s), 6 hit(s), 0 error(s), 0 left on base; Grand Rapids HS 3 - Oceanside HS 11
TOP OF THE 9TH
Grand Rapids HS Summit batting - Pitching for Oceanside HS Pirates : RHP Tim Rogers
Batting: RHB Leroy Bates 0-0: Swinging Strike
0-1: Ball
1-1: Foul Ball, location: 2F
1-2: Foul Ball, location: 2F
1-2: Foul Ball, location: 2F
1-2: Ball
2-2: Ball
3-2: Base on Balls
Batting: LHB Jeffery Casey 0-0: Ball
1-0: Ball
2-0: Called Strike
2-1: Ball
3-1: Base on Balls
Leroy Bates to second
Batting: RHB Rob Walker 0-0: Called Strike
0-1: Ball
1-1: Called Strike
1-2: Ball
2-2: Strikes out swinging
Batting: LHB Carlos Gutiérrez 0-0: Called Strike
0-1: Called Strike
0-2: Foul Ball, location: 2F
0-2: Grounds into double play, 6-4-3 (Groundball, 6)
Top of the 9th over - 0 run(s), 0 hit(s), 0 error(s), 1 left on base; Grand Rapids HS 3 - Oceanside HS 11
Tuesday, August 8th, 2017 - OOTP Baseball 17.12 Build 75